 Seeded DCSS version 0.29-a0-341-g24ffce5b50 (webtiles) character file.

Game seed: 7497885015580409087 (custom seed)

4594 rabbitsville the Thaumaturge (level 10, -1/50 HPs)
             Began as a Deep Elf Conjurer on Apr 20, 2022.
             Was a Priest of Vehumet.
             Slain by a vampire (10 damage)
             ... on level 9 of the Dungeon.
             The game lasted 00:40:54 (10134 turns).

rabbitsville the Thaumaturge (Deep Elf Conjurer)   Turns: 10134, Time: 00:40:55

Health: -1/50      AC:  5    Str:  4    XL:     10   Next: 19%
Magic:  27/28      EV: 14    Int: 28    God:    Vehumet [***...]
Gold:   556        SH:  0    Dex: 29    Spells: 27/33 levels left

rFire   + . .      SeeInvis .   m - staff of conjuration
rCold   . . .      Faith    .   (no shield)
rNeg    . . .      Spirit   .   S - +2 robe "Xuffipp" {Int-2 Dex+7 Stlth+}
rPois   +          Reflect  .   (no helmet)
rElec   .          Harm     .   (no cloak)
rCorr   .          Rampage  .   d - +0 pair of gloves
Will    ++...                   (no boots)
Stlth   ++++......              O - amulet of magic regeneration
HPRegen 0.16/turn               o - ring "Okecwaq" {rPois rF+ Will+ Dex+3}
MPRegen 0.61/turn               N - ring "Isufyppo" {Int+2 Dex+6}

@: about to teleport
A: no striking features
a: Renounce Religion


You were on level 9 of the Dungeon.
You worshipped Vehumet.
Vehumet was most pleased with you.
You visited 1 branch of the dungeon, and saw 9 of its levels.

You collected 556 gold pieces.

Inventory:

Missiles
 J - 321 stones
 M - a throwing net
Armour
 a - a +0 robe
 d - a +0 pair of gloves (worn)
 s - a +1 robe
 H - the +3 warlock's mirror {reflect}
   (You acquired it on level 8 of the Dungeon)

   It can block and reflect piercing ranged attacks and magical attacks against
   the wielder's willpower.
 R - the +0 buckler of Panentheism {rN+ Slay+5 SInv}
   (You found it on level 8 of the Dungeon)

   Slay:      It affects your accuracy & damage with ranged weapons and melee
   (+5).
   rN:        It protects you from negative energy.
   SInv:      It lets you see invisible.
 S - the +2 robe "Xuffipp" (worn) {Int-2 Dex+7 Stlth+}
   (You found it on level 8 of the Dungeon)

   Int:       It affects your intelligence (-2).
   Dex:       It affects your dexterity (+7).
   Stlth:     It makes you more stealthy.
Magical Staves
 m - a staff of conjuration (weapon)
Jewellery
 e - an amulet of faith
 o - the ring "Okecwaq" (left hand) {rPois rF+ Will+ Dex+3}
   (You acquired it on level 3 of the Dungeon)

   [ring of protection from fire]

   Dex:       It affects your dexterity (+3).
   rF:        It protects you from fire.
   rPois:     It protects you from poison.
   Will:      It increases your willpower.
 x - a ring of positive energy
 L - a +4 ring of evasion
 N - the ring "Isufyppo" (right hand) {Int+2 Dex+6}
   (You acquired it on level 7 of the Dungeon)

   [ring of dexterity]

   Int:       It affects your intelligence (+2).
   Dex:       It affects your dexterity (+6).
 O - an amulet of magic regeneration (around neck)
Wands
 q - a wand of acid (17)
 G - a wand of polymorph (12)
 I - a wand of iceblast (4)
 K - a wand of paralysis (8)
 Q - a wand of digging (4)
Scrolls
 f - 10 scrolls of identify {unknown}
 g - 3 scrolls of noise {unknown}
 h - a scroll of torment {unknown}
 i - a scroll of acquirement
 k - 2 scrolls of vulnerability {unknown}
 l - 3 scrolls of immolation {unknown}
 y - 3 scrolls of teleportation
 A - 4 scrolls of enchant armour {unknown}
 B - a scroll of holy word {unknown}
 D - 2 scrolls of blinking {unknown}
 F - a scroll of magic mapping {unknown}
Potions
 b - 2 potions of magic
 c - 2 potions of degeneration {unknown}
 j - 2 potions of mutation {unknown}
 n - 4 potions of curing
 p - 2 potions of ambrosia {unknown}
 r - 2 potions of heal wounds {unknown}
 t - a potion of brilliance {unknown}
 u - 2 potions of resistance {unknown}
 v - a potion of berserk rage {unknown}
 w - a potion of might {unknown}
 z - 3 potions of invisibility
 C - a potion of attraction {unknown}
 E - a potion of flight {unknown}
 P - a potion of cancellation {unknown}


   Skills:
 - Level 2.4 Dodging
 - Level 2.4 Stealth
 * Level 4.0 Shields
 - Level 12.2 Spellcasting
 - Level 10.8 Conjurations
 + Level 4.2 Earth Magic
 + Level 4.2 Poison Magic


You had 27 spell levels left.
You knew the following spells:

 Your Spells              Type           Power      Damage    Failure   Level
a - Magic Dart            Conj           100%       1d8       1%          1
b - Searing Ray           Conj           100%       2d8       1%          2
c - Sandblast             Erth           80%        2d17      1%          1
d - Poisonous Vapours     Pois/Air       56%        N/A       1%          2

Your spell library contained the following spells:

 Spells                   Type           Power      Damage    Failure   Level
 Static Discharge         Conj/Air       63%        N/A       1%          2
 Dazzling Flash           Conj/Hex       100%       N/A       1%          3
 Mephitic Cloud           Conj/Pois/Air  61%        N/A       1%          3
 Fulminant Prism          Conj/Hex       31%        3d16      1%          4
 Iskenderun's Mystic Bla  Conj/Tloc      63%        2d13      1%          4
 Sticky Flame             Conj/Fire      63%        2d8       1%          4
 Call Imp                 Summ           17%        N/A       4%          2
 Gell's Gravitas          Tloc           17%        N/A       10%         3
 Lesser Beckoning         Tloc           17%        N/A       10%         3
 Ozocubu's Armour         Ice            17%        N/A       10%         3
 Teleport Other           Tloc           17%        N/A       10%         3
 Conjure Ball Lightning   Conj/Air       31%        3x3d10    14%         6
 Dispel Undead            Necr           17%        3d10      32%         4
 Alistair's Intoxication  Tmut/Pois      18%        N/A       36%         5
 Borgnjor's Vile Clutch   Necr/Erth      14%        N/A       36%         5
 Eringya's Noxious Bog    Tmut/Pois      14%        N/A       45%         6
 Ozocubu's Refrigeration  Ice            8%         4d6       99%         7
 Discord                  Hex            8%         N/A       100%        8
 Disjunction              Tloc           8%         N/A       100%        8


Dungeon Overview and Level Annotations

Branches:
Dungeon (9/15)             Temple (0/1) D:4
   Lair: D:8-11         Orc: D:9-12

Altars:
Fedhas
Gozag
Kikubaaqudgha
Okawaru
Qazlal
Ru
Sif Muna
Uskayaw
Vehumet
Yredelemnul
Zin

Shops:
D:3 [   D:4 (

Annotations:
D:3 1 runed translucent door, exclusion: door, Crazy Yiuf, Natasha
D:4 2 runed translucent doors
D:8 3 runed translucent doors, spaghetti's ghost, novice OpFi


Message History

You start removing your armour.
You continue taking off the +3 warlock's mirror {reflect}. x2
Something hits you.
Keep disrobing?
Something bites you!
Something draws strength from your injuries!
You continue taking off the +3 warlock's mirror {reflect}.
Something hits you! Something bites you.
Something draws strength from your injuries!
You continue taking off the +3 warlock's mirror {reflect}.
You block something's attack. x2
You finish taking off the +3 warlock's mirror {reflect}.
Something hits you. Something bites you.
Something draws strength from your injuries!
There is a stone staircase leading up here.
Aiming: Searing Ray (safe; 1% risk of failure)
Press: ? - help, Q - select action, (/) - cycle Shift-Dir - straight line, f - you You feel a surge of power!
That beam is likely to hit you.
Continue anyway? [Y]es or [N]o only, please.
That beam is likely to hit you.
Continue anyway?
Okay, then.
Aiming: Searing Ray (safe; 1% risk of failure)
Press: ? - help, Q - select action, (/) - cycle Shift-Dir - straight line You feel a surge of power!
The searing ray hits something. (Press . to maintain the ray.)
Something hits you!
* * * LOW HITPOINT WARNING * * *
Something barely misses you.
It was a potion of curing.
You feel better. Something hits you!
* * * LOW HITPOINT WARNING * * *
Something bites you.
* * * LOW HITPOINT WARNING * * *
Something draws strength from your injuries!
As you read the scroll labelled OSOZXE OBLARUO, it crumbles to dust.
You feel strangely unstable.
It was a scroll of teleportation.
Something hits you.
* * * LOW HITPOINT WARNING * * *
Something bites you!
You die...

.. . .. ####.
.. ... ....
##... ##.#
..##...# ....
#....#
#..###..###
###...#....#
#.....{.##...#
#.....@.# #.#
#.......# #
.........#
##........
#.........
##....#....
#.#####.#.. ..
.####


There were no monsters in sight!

Vanquished Creatures
  A boulder beetle (D:8)
  Grinder (D:3)
  Sigmund (D:3)
  A shadow (D:7)
  A steam dragon (D:6)
  3 water moccasins
  An acid dragon (D:8)
  A sky beast (D:5)
  3 ice beasts
  2 black bears
  2 ogres (D:4)
  2 centaurs (D:7)
  A kobold brigand (D:7)
  2 bullfrogs
  3 scorpions
  8 wights
  5 killer bees (D:8)
  5 howler monkeys
  2 orc priests (D:4)
  5 hounds
  A jelly (D:4)
  2 gnoll shamans
  3 iguanas
  Ijyb (D:3)
  Natasha (twice) (D:3)
  An orc wizard (D:8)
  11 gnolls
  10 adders
  A shadow imp (D:7)
  3 white imps
  3 ufetubi (D:4)
  3 dart slugs
  8 orcs
  13 endoplasms
  2 giant cockroaches
  9 goblins
  7 hobgoblins
  7 jackals
  12 kobolds
  6 quokkas
  5 ball pythons
  2 bats (D:1)
  3 frilled lizards
  4 rats
169 creatures vanquished.

Vanquished Creatures (others)
  A plant (D:4)
1 creature vanquished.

Grand Total: 170 creatures vanquished

Notes
Turn   | Place    | Note
-------+----------+-------------------------------------------
     0 | D:1      | rabbitsville the Deep Elf Conjurer began the quest for the
                  | Orb.
     0 | D:1      | Reached XP level 1. HP: 10/10 MP: 6/6
   271 | D:1      | Reached XP level 2. HP: 15/15 MP: 1/8
   730 | D:1      | Learned a level 2 spell: Searing Ray
   754 | D:1      | Reached skill level 4 in Spellcasting
  1008 | D:2      | Reached skill level 5 in Conjurations
  1008 | D:2      | Reached XP level 3. HP: 19/19 MP: 8/10
  1068 | D:2      | Found a radiant altar of Vehumet.
  1076 | D:2      | Became a worshipper of Vehumet
  1476 | D:2      | Reached XP level 4. HP: 24/24 MP: 9/12
  1907 | D:3      | Found a faded altar of an unknown god.
  1923 | D:3      | Noticed Grinder
  1941 | D:3      | Killed Grinder
  1942 | D:3      | Reached skill level 6 in Spellcasting
  1942 | D:3      | Reached XP level 5. HP: 23/28 MP: 0/15
  1942 | D:3      | Reached XP level 6. HP: 27/32 MP: 0/17
  2073 | D:3      | Identified 4 scrolls of acquirement
  2073 | D:3      | Acquired the ring "Okecwaq" {rPois rF+ Will+ Dex+3}
  2096 | D:3      | Found Qeomiry's Antique Armour Shop.
  2209 | D:3      | Noticed Ijyb
  2216 | D:3      | Killed Ijyb
  2408 | D:3      | Noticed Sigmund
  2414 | D:3      | Killed Sigmund
  2415 | D:3      | Reached skill level 7 in Spellcasting
  2493 | D:3      | Found a runed translucent door.
  2494 | D:3      | Noticed Crazy Yiuf
  2574 | D:3      | Reached XP level 7. HP: 36/36 MP: 14/20
  2647 | D:3      | Noticed Natasha
  2649 | D:3      | Killed Natasha
  2725 | D:3      | Reached * piety under Vehumet
  2725 | D:3      | Offered knowledge of Freeze by Vehumet.
  2894 | D:3      | Noticed Natasha
  2897 | D:3      | Killed Natasha
  2961 | D:3      | Noticed Natasha
  2990 | D:4      | Found a large runed translucent door.
  2990 | D:4      | Found a large runed translucent door.
  3114 | D:4      | Reached skill level 8 in Spellcasting
  3295 | D:4      | Found a large runed translucent door.
  3295 | D:4      | Found a large runed translucent door.
  3740 | D:4      | Found Nooffoto's Antique Weapon Boutique.
  3825 | D:4      | Reached skill level 9 in Spellcasting
  3839 | D:4      | Reached XP level 8. HP: 37/41 MP: 12/23
  3992 | D:4      | Found a basalt altar of Yredelemnul.
  4023 | D:4      | Found a staircase to the Ecumenical Temple.
  4089 | D:4      | Reached ** piety under Vehumet
  4090 | D:4      | Offered knowledge of Sandblast by Vehumet.
  4199 | D:5      | Entered Level 5 of the Dungeon
  4557 | D:5      | Reached skill level 10 in Spellcasting
  5262 | D:6      | Reached skill level 11 in Spellcasting
  5318 | D:6      | Found a blossoming altar of Fedhas.
  5321 | D:6      | Found a stormy altar of Qazlal.
  5340 | D:6      | Reached skill level 10 in Conjurations
  5506 | D:6      | Found an ancient bone altar of Kikubaaqudgha.
  5506 | D:6      | Found a hide-covered altar of Uskayaw.
  5511 | D:6      | Found a glowing silver altar of Zin.
  5727 | D:6      | Reached XP level 9. HP: 29/45 MP: 17/26
  5873 | D:6      | Found a sacrificial altar of Ru.
  6632 | D:8      | Found an opulent altar of Gozag.
  6633 | D:8      | Found a runed translucent gate.
  6633 | D:8      | Found a runed translucent gate.
  6633 | D:8      | Found a runed translucent gate.
  6763 | D:8      | Acquired the +3 warlock's mirror {reflect}
  6763 | D:8      | Found the +3 warlock's mirror {reflect}
  6774 | D:8      | Learned a level 1 spell: Sandblast
  7055 | D:8      | Noticed spaghetti's ghost (novice OpFi)
  7055 | D:8      | Noticed a centaur warrior
  7417 | D:7      | Reached skill level 12 in Spellcasting
  7432 | D:7      | Offered knowledge of Poisonous Vapours by Vehumet.
  7505 | D:7      | Acquired the ring "Isufyppo" {Int+2 Dex+6}
  7544 | D:7      | Reached skill level 1 in Earth Magic
  7544 | D:7      | Reached skill level 1 in Poison Magic
  7661 | D:7      | Learned a level 2 spell: Poisonous Vapours
  7902 | D:7      | Reached skill level 1 in Shields
  8045 | D:7      | Found a shimmering blue altar of Sif Muna.
  9498 | D:8      | Reached *** piety under Vehumet
  9545 | D:8      | Found an iron altar of Okawaru.
  9693 | D:8      | Reached XP level 10. HP: 34/50 MP: 22/28
  9705 | D:8      | Identified the +0 buckler of Panentheism {rN+ Slay+5 SInv}
  9892 | D:8      | Identified the +2 robe "Xuffipp" {Int-2 Dex+7 Stlth+}
  9931 | D:8      | Noticed a boulder beetle
  9944 | D:8      | Killed a boulder beetle
 10134 | D:9      | Slain by a vampire

Illustrated notes

Levels and vault maps discovered:
D:1:      evilmike_arrival_fibonacci_small, layout_basic
D:2:      layout_basic, basic_altar, chequers_serial_rivers_small_b
D:3:      layout_loops_ring, serial_shops, nicolae_shop_overgrown_old_shop,
          ebering_ecumenical_altar_mist, uniq_ijyb, uniq_crazy_yiuf_cottage,
          uniq_grinder, uniq_natasha, uniq_sigmund
D:4:      layout_rooms, marbit_many_paths, temple_statues, serial_shops,
          nicolae_shop_overgrown_old_shop, chequers_garden,
          minmay_hollow_rounded_squares
D:5:      layout_rooms
D:6:      layout_cave_pods, grunt_temple_overflow_forces_of_nature,
          gammafunk_temple_overflow_forgotten, mainiacjoe_overflow_brackets
D:7:      layout_basic, mainiacjoe_overflow_alcove_4
D:8:      layout_basic, okawaru_trees_1, ebering_ghost_gozag
D:9:      dragon1_lemuel, layout_rooms, minmay_variable_closet

Skill      XL: |  1  2  3  4  5  6  7  8  9 10 |
---------------+-------------------------------+-----
Spellcasting   | 4 6 7 9 11 12 | 12.2
Conjurations   | 5 6 7 8 10 | 10.8
Earth Magic    | 3 4 |  4.2
Poison Magic   | 3 4 |  4.2
Shields        | 3 4 |  4.0
Dodging        | |  2.4
Stealth        | |  2.4

Action                   |  1- 3 |  4- 6 |  7- 9 | 10-12 || total
-------------------------+-------+-------+-------+-------++-------
 Cast: Magic Dart        |    58 |    40 |   156 |     1 ||   255
       Searing Ray       |       |     6 |    72 |     4 ||    82
       Sandblast         |       |       |     7 |     7 ||    14
       Poisonous Vapours |       |       |       |     4 ||     4
  Use: Scroll            |       |     1 |     2 |     1 ||     4
       Potion            |       |       |       |     1 ||     1
Armor: Robe              |       |     2 |    12 |       ||    14
Dodge: Dodged            |     2 |     1 |    50 |     6 ||    59
Block: Buckler           |       |       |    14 |     3 ||    17
       Reflection        |       |       |     4 |       ||     4

Table legend: (Time is in decaauts)
 A = Elapsed time spent in this place.
 B = Non-inter-level travel time spent in this place.
 C = Inter-level travel time spent in this place.
 D = Time resting spent in this place.
 E = Time spent auto-exploring this place.
 F = Levels seen in this place.
 G = Mean time per level.
                   A        B        C        D        E       F      G
               +--------+--------+--------+--------+--------+-----+--------+
         Total |  10139 |   9677 |    462 |    650 |   7405 |   9 | 1126.6 |
       Dungeon |  10139 |   9677 |    462 |    650 |   7405 |   9 | 1126.6 |
               +--------+--------+--------+--------+--------+-----+--------+

Top non-repeatable levels by time:
     D:6: 1578 daAuts
     D:8: 1454 daAuts
     D:7: 1449 daAuts
     D:4: 1427 daAuts
     D:1: 1228 daAuts
     D:3: 1193 daAuts
     D:2: 1001 daAuts
     D:5: 790 daAuts
     D:9: 14 daAuts
